 Dungeon Crawl Stone Soup version 0.29-a0-1043-g569b05d6ff (webtiles) character file.

Game seed: 14195634412334509643

41 voltaire321 the Firebug (level 3, 0/22 HPs)
             Began as an Octopode Fire Elementalist on Aug 16, 2022.
             Frozen to death by an endoplasm (3 damage)
             ... on level 2 of the Dungeon.
             The game lasted 00:03:36 (1002 turns).

voltaire321 the Firebug (OpFE)                      Turns: 1002, Time: 00:03:37

Health: 0/22       AC:  1    Str:  7    XL:     3   Next: 52%
Magic:  5/6        EV: 13    Int: 19    God:
Gold:   73         SH:  0    Dex: 12    Spells: 0/6 levels left

rFire   . . .      SeeInvis .   e - +0 rapier
rCold   . . .      Faith    .   (no shield)
rNeg    . . .      Spirit   .   (helmet restricted)
rPois   .          Reflect  .   (no amulet)
rElec   .          Harm     .   (no ring)
rCorr   .          Rampage  .   (no ring)
Will    .....                   (no ring)
Stlth   +++.......              (no ring)
HPRegen 0.07/turn               (no ring)
MPRegen 0.10/turn               (no ring)
                                (no ring)
                                (no ring)

@: no status effects
A: almost no armour, amphibious, 8 rings, camouflage 1, gelatinous body 1,
(nimble swimmer 1), tentacles
a: no special abilities


You were on level 2 of the Dungeon.
You visited 1 branch of the dungeon, and saw 2 of its levels.

You collected 73 gold pieces.

Inventory:

Hand Weapons
 b - a +0 dagger
 e - a +0 rapier (weapon)
Scrolls
 d - a scroll of enchant weapon {unknown}
 g - a scroll of noise {unknown}
 h - a scroll of vulnerability {unknown}
 i - a scroll of immolation {unknown}
Potions
 a - a potion of magic
 c - a potion of might {unknown}
 f - 4 potions of curing {unknown}
 j - 4 potions of degeneration {unknown}


   Skills:
 + Level 0.7 Fighting
 + Level 2.4 Dodging
 + Level 3.1 Stealth
 + Level 2.3 Spellcasting
 + Level 1.4 Conjurations
 + Level 3.3 Fire Magic


You couldn't memorise any spells.
You knew the following spells:

 Your Spells              Type           Power      Damage    Failure   Level
a - Foxfire               Conj/Fire      44%        2x1d6     6%          1
b - Scorch                Fire           28%        2d6       6%          2
c - Conjure Flame         Conj/Fire      11%        6-21      19%         3

Your spell library contained the following spells:

 Spells                   Type           Power      Damage    Failure   Level
 Inner Flame              Hex/Fire       8%         N/A       24%         3
 Flame Wave               Conj/Fire      11%        2d6       52%         4


Dungeon Overview and Level Annotations

Branches:
Dungeon (2/15)

Altars:


Innate Abilities, Weirdness & Mutations

You cannot wear most types of armour.
You are amphibious.
You can wear up to eight rings at the same time.
Your skin changes colour to match your surroundings (Stealth+).
Your rubbery body absorbs attacks. (AC +1, EV +1)
((You are camouflaged when in or above water. (Stealth+)))
You have tentacles for arms and can constrict up to eight enemies at once.


Message History

The adder misses you. The frilled lizard closely misses you.
The adder bites you.
You are poisoned.
The adder poisons you!
You hit the adder but do no damage. Your grab misses the adder.
The adder is heavily wounded.
You feel sick. The adder bites you. The frilled lizard barely misses you.
You miss the adder. Your grab misses the adder. Your squeeze misses the adder.
The adder is moderately wounded.
You feel sick. The adder closely misses you. The frilled lizard bites you.
The adder closely misses you.
You closely miss the adder. Your grab misses the adder.
Your squeeze misses the adder.
The adder is moderately wounded.
You feel sick. The frilled lizard closely misses you.
The adder closely misses you. The frilled lizard bites you.
You hit the adder. Your grab misses the adder.
The adder is almost dead.
You feel sick. The adder bites you.
* * * LOW HITPOINT WARNING * * *
The adder closely misses you. The frilled lizard misses you.
You closely miss the adder. Your grab misses the adder.
The adder is almost dead.
You feel sick. The adder completely misses you. The frilled lizard bites you.
* * * LOW HITPOINT WARNING * * *
The adder closely misses you.
You hit the adder.
You kill the adder!
You feel sick.
You are no longer poisoned.
The frilled lizard closely misses you.
You hit the endoplasm but do no damage.
You squeeze the endoplasm, but do no damage.
The frilled lizard closely misses you. The endoplasm barely misses you.
You barely miss the frilled lizard. Your grab misses the frilled lizard.
Your squeeze misses the frilled lizard. The frilled lizard misses you.
The endoplasm jiggles.
The endoplasm freezes you.
You are frozen.
You die...

#..........##
............
#..........#
#..........#
#..........#
#..........#
#.......†..#######..
..........rl@J......
#######.##########.#
...............
#########.#######
.......<#.#
####.##.#.#
###.##.#.#
#......#.#
####......#.#


You could see an endoplasm, a frilled lizard and a rat.

Vanquished Creatures
  An adder (D:2)
  4 bats
  An endoplasm (D:1)
  2 giant cockroaches (D:1)
  3 goblins (D:1)
  3 hobgoblins (D:1)
  4 jackals (D:1)
  2 kobolds (D:2)
  A quokka (D:1)
  2 ball pythons (D:1)
  3 frilled lizards
  2 rats
28 creatures vanquished.

Vanquished Creatures (others)
  36 foxfires
36 creatures vanquished.

Grand Total: 64 creatures vanquished

Notes
Turn   | Place    | Note
-------+----------+-------------------------------------------
     0 | D:1      | voltaire321 the Octopode Fire Elementalist began the quest
                  | for the Orb.
     0 | D:1      | Reached XP level 1. HP: 11/11 MP: 3/3
   154 | D:1      | Reached XP level 2. HP: 8/17 MP: 3/5
   423 | D:1      | Learned a level 2 spell: Scorch
   485 | D:1      | Found a faded altar of an unknown god.
   630 | D:1      | Reached XP level 3. HP: 18/22 MP: 3/6
   918 | D:2      | Learned a level 3 spell: Conjure Flame
  1002 | D:2      | Frozen to death by an endoplasm

Illustrated notes

Levels and vault maps discovered:
D:1:      dpeg_chamrin_arrival_tetris, layout_rooms, basic_ecumenical_altar,
          bh_walls_and_bars
D:2:      layout_basic, basic_altar, kennysheep_decorative_pillar, uniq_natasha,
          uniq_crazy_yiuf_cottage

Skill      XL: |  1  2 |
---------------+-------+-----
Stealth        | 3 |  3.1
Fighting       | |  0.7
Dodging        | |  2.4
Spellcasting   | |  2.3
Conjurations   | |  1.4
Fire Magic     | |  3.3

Action                   || total
-------------------------++-------
Melee: Dagger            ||    18
       Constrict         ||     7
       Tentacles         ||     4
       Rapier            ||    25
 Cast: Foxfire           ||    20
 Stab: Sleeping          ||     4
Armor: Skin              ||     6
Dodge: Dodged            ||    53

Table legend: (Time is in decaauts)
 A = Elapsed time spent in this place.
 B = Non-inter-level travel time spent in this place.
 C = Inter-level travel time spent in this place.
 D = Time resting spent in this place.
 E = Time spent auto-exploring this place.
 F = Levels seen in this place.
 G = Mean time per level.
                   A        B        C        D        E       F      G
               +--------+--------+--------+--------+--------+-----+--------+
         Total |   1005 |    972 |     33 |    217 |    486 |   2 |  502.5 |
       Dungeon |   1005 |    972 |     33 |    217 |    486 |   2 |  502.5 |
               +--------+--------+--------+--------+--------+-----+--------+

Top non-repeatable levels by time:
     D:1: 914 daAuts
     D:2: 91 daAuts
